 Dungeon Crawl Stone Soup version 0.13.0-26-gf7ffa3a (webtiles) character file.

5524 M4edhros the Covert (level 10, -5/65 HPs)
             Began as an Octopode Artificer on Nov 2, 2013.
             Was an Initiate of Fedhas.
             Slain by Grum
             ... wielding a -1,+0 glaive
              (27 damage)
             ... on Level 1 of the Orcish Mines.
             The game lasted 00:26:01 (13674 turns).

M4edhros the Covert (Octopode Artificer)           Turns: 13674, Time: 00:26:02

HP  -5/65        AC  1     Str 12      XL: 10   Next: 54%
MP  22/22        EV 12     Int 17      God: Fedhas [......]
Gold 532         SH  0     Dex 12      Spells:  1 memorised,  7 levels left

Res.Fire  : . . .   See Invis. : .   x - +2,+1 spear (pierce)
Res.Cold  : . . .   Warding    : .   (no shield)
Life Prot.: . . .   Conserve   : .   (helmet restricted)
Res.Poison: +       Res.Corr.  : .   (no amulet)
Res.Elec. : .       Clarity    : .   K - ring of poison resistance
Sust.Abil.: . .     Spirit.Shd : .   (no ring)
Res.Mut.  : .       Stasis     : .   (no ring)
Res.Rott. : .       Flight     : .   (no ring)
Saprovore : . . .                    (no ring)
                                     (no ring)
                                     (no ring)
                                     (no ring)

@: somewhat resistant to hostile enchantments, extraordinarily stealthy
A: almost no armour, amphibious, 8 rings, constrict 8, camouflage 1, AC +1
a: Renounce Religion


You were on level 1 of the Orcish Mines.
You worshipped Fedhas.
Fedhas was noncommittal.
You were very hungry.

You visited 3 branches of the dungeon, and saw 12 of its levels.

You collected 512 gold pieces.

Inventory:

Hand weapons
 q - a +0,+0 whip of reaching
 t - a cursed +0 blowgun
 x - a +2,+1 spear of piercing (weapon)
 F - a +2,+3 dwarven sabre
Missiles
 g - 18 javelins (quivered)
 y - 5 poisoned needles
Magical devices
 b - a wand of flame (0)
 c - a wand of enslavement (0)
 d - a wand of random effects (0)
 A - a wand of cold (0)
 G - a wand of magic darts (0)
Comestibles
 f - 6 bread rations
 m - 8 grapes
 v - a choko
 L - an apple
Scrolls
 a - 2 scrolls of magic mapping {unknown}
 e - 3 scrolls of enchant weapon II
 i - a scroll of enchant armour
 j - 2 scrolls of amnesia
 k - a scroll of random uselessness {unknown}
 l - a scroll of teleportation
 n - 8 scrolls of remove curse
 o - 3 scrolls of curse jewellery {unknown}
 p - a scroll of blinking
 w - a scroll of fog {unknown}
 C - 2 scrolls of identify
 D - a scroll of curse armour {unknown}
 J - a scroll of enchant weapon I {unknown}
Jewellery
 B - an uncursed ring of teleportation
 I - an uncursed ring of see invisible {unknown}
 K - a ring of poison resistance (left tentacle)
Potions
 r - 3 potions of restore abilities
 H - a potion of might
Books
 E - a book of Spatial Translocations

   Spells                             Type                      Level
   Apportation                        Translocation                1
   Portal Projectile                  Translocation                2
   *Blink                             Translocation                2
   Shroud of Golubria                 Charms/Translocation         2
   Teleport Other                     Translocation                3
   Passage of Golubria                Translocation                4


   Skills:
 - Level 5.6 Fighting
 - Level 1.0 Short Blades
 + Level 6.8 Polearms
 - Level 2.0 Dodging
 + Level 13.5 Stealth
   Level 0.0 Invocations
 * Level 9.3 Evocations


You had 7 spell levels left.
You knew the following spells:

 Your Spells              Type           Power        Failure   Level  Hunger
a - Blink                 Tloc           N/A          34%         2    ###....


Dungeon Overview and Level Annotations

Branches:
Dungeon (10/27)            Temple (1/1) D:6             Orc (1/4) D:7
   Lair: D:8-13

Altars:
Ashenzari
Fedhas
Kikubaaqudgha
Makhleb
Nemelex Xobeh
Okawaru
Sif Muna
Trog
Vehumet
Xom
Yredelemnul
the Shining One

Shops:
D:6 %

Annotations:
Orc:1 Grum, Prince Ribbit


Innate Abilities, Weirdness & Mutations

You cannot wear most types of armour.
You are amphibious.
You can wear up to eight rings at the same time.
You can use your tentacles to constrict many enemies at once.
Your skin changes colour to match your surroundings (Stlth).
Your rubbery body absorbs attacks (AC +1).


Message History

Your wandering mushroom barely misses Grum.
You closely miss Grum. You grab Grum. You squeeze Grum.
Grum is heavily wounded.
You constrict Grum. Grum closely misses you.
Your wandering mushroom hits Grum.
Grum is engulfed in a cloud of spores!
You hit Grum.
Grum is severely wounded.
You constrict Grum, but do no damage. Grum barely misses you.
Your wandering mushroom hits Grum.
Grum is engulfed in a cloud of spores!
You catch the helpless Grum momentarily off-guard.
You hit Grum.
Grum is almost dead.
You constrict Grum, but do no damage. You hit Grum but do no damage.
Grum is almost dead.
You constrict Grum.
Your wandering mushroom hits Grum but does no damage.
Grum hits you with a glaive!
You die...
Fedhas appreciates your contribution to the ecosystem. g#.##... hh......

g........ ......... ####
.....>..# ##..## #........
##....# #.........
#....######.........
#######.....#@#)#........
##.#.####....ffgF.#......
#.....##.....#f#..###..##
###....#............# ...
##.....###.#...#.....# .
#...).).#...................
#...<).f#.........#..#....#
##..)).........#.####..g.##
#...............# .....#


You could see Prince Ribbit, Grum and a friendly wandering mushroom.

Vanquished Creatures
  Grinder (D:3)
  A hippogriff (D:7)
  A wolf (Orc:1)
  2 hungry ghosts
  A necrophage (D:6)
  The ghost of ghwc the Magician, an average DEWz (D:3)
  2 orc warriors (D:7)
  A phantom (D:8)
  A sky beast (D:8)
  4 centaurs
  3 ogres
  10 giant frogs
  A gnoll sergeant (D:8)
  2 wights (D:6)
  3 killer bees (D:9)
  12 crimson imps
  A quasit (D:7)
  2 jellies
  Crazy Yiuf (D:3)
  A centaur zombie (D:5)
  A gnoll shaman (D:5)
  3 orc priests
  6 hounds
  3 spiders (D:9)
  4 orc wizards
  2 iguanas
  5 worker ants
  2 scorpions (D:9)
  Ijyb (D:2)
  A mummy (D:8)
  Terence (D:2)
  8 adders
  15 gnolls
  2 giant mites
  A goliath beetle zombie (D:6)
  A white imp (D:7)
  6 worms
  A scorpion zombie (D:9)
  6 giant eyeballs
  A giant gecko (D:6)
  2 oozes
  23 orcs
  2 bat skeletons
  2 giant cockroaches
  10 goblins
  16 hobgoblins
  11 jackals
  2 quokkas
  A ball python (D:2)
  5 bats
  3 giant newts
  A hobgoblin skeleton (D:8)
  A hobgoblin zombie (D:5)
  12 kobolds
  A kobold zombie (D:6)
  2 orc skeletons
  11 rats
  A rat skeleton (D:6)
227 creatures vanquished.

Vanquished Creatures (collateral kills)
  3 wolves (Orc:1)
  A phantom (D:9)
  A wight (D:6)
  3 killer bees (D:9)
  5 spiders (D:9)
  An orc priest (Orc:1)
  An adder (D:5)
  2 orcs (Orc:1)
  A goblin (Orc:1)
  A kobold (D:5)
19 creatures vanquished.

Vanquished Creatures (others)
  A human (D:6)
  A giant spore (D:9)
  7 wandering mushrooms
  34 toadstools
43 creatures vanquished.

Grand Total: 289 creatures vanquished

Notes
Turn   | Place    | Note
--------------------------------------------------------------
     0 | D:1      | M4edhros, the Octopode Artificer, began the quest for the Orb.
     0 | D:1      | Reached XP level 1. HP: 14/14 MP: 1/1
   137 | D:1      | Reached XP level 2. HP: 8/19 MP: 3/3
   567 | D:2      | Reached skill level 4 in Stealth
   567 | D:2      | Reached XP level 3. HP: 11/24 MP: 4/4
   909 | D:4      | Reached skill level 5 in Stealth
   970 | D:4      | Reached XP level 4. HP: 24/29 MP: 6/6
  1354 | D:4      | Reached skill level 6 in Stealth
  1461 | D:4      | Reached XP level 5. HP: 16/34 MP: 7/7
  1751 | D:4      | Paralysed by a giant eyeball for 2 turns
  1908 | D:4      | Reached skill level 7 in Stealth
  2339 | D:4      | Reached skill level 8 in Stealth
  2498 | D:5      | Entered Level 5 of the Dungeon
  2692 | D:5      | Reached XP level 6. HP: 13/39 MP: 9/9
  2957 | D:5      | Reached skill level 9 in Stealth
  3648 | D:6      | Found Pragecib's Food Emporium.
  3655 | D:6      | Reached skill level 10 in Stealth
  3655 | D:6      | Reached XP level 7. HP: 37/44 MP: 10/10
  3729 | D:6      | Found a staircase to the Ecumenical Temple.
  3751 | Temple   | Entered the Ecumenical Temple
  3920 | D:2      | Noticed Terence
  3928 | D:2      | Killed Terence
  4155 | D:2      | Noticed Ijyb
  4163 | D:2      | Killed Ijyb
  4847 | D:3      | Noticed Grinder
  4851 | D:3      | Paralysed by Grinder for 2 turns
  4854 | D:3      | Killed Grinder
  4854 | D:3      | Reached skill level 1 in Polearms
  5112 | D:3      | Noticed Crazy Yiuf
  5152 | D:3      | Killed Crazy Yiuf
  5172 | D:3      | Paralysed by a potion of paralysis for 5 turns
  5226 | D:3      | Noticed ghwc's ghost (average DEWz)
  5234 | D:3      | Killed ghwc's ghost
  5234 | D:3      | Reached XP level 8. HP: 46/51 MP: 12/14
  5859 | D:5      | Reached skill level 11 in Stealth
  5938 | D:6      | Noticed a necrophage
  5952 | D:6      | Killed a necrophage
  5952 | D:6      | Reached skill level 5 in Evocations
  6406 | D:6      | Learned a level 2 spell: Blink
  6648 | D:6      | Found an ancient bone altar of Kikubaaqudgha.
  7614 | D:7      | Reached XP level 9. HP: 53/57 MP: 18/18
  7683 | D:7      | Found a radiant altar of Vehumet.
  7683 | D:7      | Found a shimmering altar of Xom.
  7683 | D:7      | Found an iron altar of Okawaru.
  7801 | D:7      | Found a shattered altar of Ashenzari.
  7865 | D:7      | Reached skill level 12 in Stealth
  8172 | D:7      | Found a staircase to the Orcish Mines.
  8184 | D:7      | Reached skill level 5 in Fighting
  8596 | D:8      | Found a basalt altar of Yredelemnul.
  8605 | D:8      | Reached skill level 5 in Polearms
  8871 | D:8      | Found a shimmering altar of Xom.
  8931 | D:8      | Found a blossoming altar of Fedhas.
  9087 | D:8      | Became a worshipper of Fedhas Madash
  9452 | D:8      | Paralysed by a giant eyeball for 3 turns
  9550 | D:8      | Found a bloodstained altar of Trog.
 10000 | D:8      | Paralysed by a giant eyeball for 3 turns
 10149 | D:8      | Reached XP level 10. HP: 46/65 MP: 19/21
 11182 | D:9      | Reached skill level 13 in Stealth
 11630 | D:9      | Acquired Fedhas' first power
 12501 | D:10     | Entered Level 10 of the Dungeon
 12558 | D:10     | Noticed a hill giant
 12600 | D:9      | HP: 3/65 [something (8)]
 12957 | Orc:1    | Entered Level 1 of the Orcish Mines
 13547 | Orc:1    | Noticed Prince Ribbit
 13607 | Orc:1    | Noticed Grum
 13674 | Orc:1    | Slain by Grum

Action                   |  1- 3 |  4- 6 |  7- 9 | 10-12 || total
-------------------------+-------+-------+-------+-------++-------
Melee: Short sword       |    47 |       |       |       ||    47
       Whip              |       |    66 |       |       ||    66
       Spear             |       |    89 |   377 |   189 ||   655
       Sabre             |       |       |    10 |       ||    10
Throw: Javelin           |     1 |       |       |       ||     1
Invok: Evolution         |       |       |       |     8 ||     8
Evoke: Wand              |       |    12 |    27 |    19 ||    58
  Use: Potion            |     2 |     8 |     9 |     8 ||    27
       Scroll            |       |     8 |     2 |     4 ||    14
 Stab: Sleeping          |     3 |    11 |    30 |     7 ||    51
       Paralysed         |       |     3 |       |       ||     3
       Distracted        |       |     1 |     2 |     3 ||     6
       Confused          |       |       |     2 |     1 ||     3
